 Dungeon Crawl Stone Soup version 0.22.1-2-g9c5b331 (webtiles) character file.

14911 myga the Thrower (level 11, -14/97 HPs)
             Began as a Centaur Artificer on Dec 1, 2018.
             Was an Elder of Trog.
             Engulfed by a cloud of flame (29 damage)
             ... in a volcano.
             The game lasted 01:37:26 (11723 turns).

myga the Thrower (Centaur Artificer)               Turns: 11723, Time: 01:37:26

Health: -14/97     AC: 20    Str: 19    XL:     11   Next: 94%
Magic:  14/14      EV: 13    Int: 10    God:    Trog [****..]
Gold:   611        SH: 12    Dex: 19    Spells: 10/10 levels left

rFire    . . .     SeeInvis .   v - +3 dagger (flame)
rCold    + . .     Gourm    .   I - +2 shield
rNeg     . . .     Faith    .   N - +6 scale mail of the Centipede {rPois rC+ MR+}
rPois    +         Spirit   .   w - +2 helmet
rElec    .         Reflect  .   (no cloak)
rCorr    .         Harm     .   p - +0 pair of gloves
MR       +....                  (no barding)
Stlth    +.........             (no amulet)
HPRegen  0.26/turn              x - ring of poison resistance
MPRegen  0.14/turn              H - +1 ring of slaying

@: mighty, agile, very quick
A: large, hooves 3, slimy green scales 1, deformed body, speed 2, robust 1,
tough skin 3
a: Berserk, Trog's Hand, Brothers in Arms, Renounce Religion


You were in a volcano.
You worshipped Trog.
Trog was greatly pleased with you.
You were near starving.

You visited 2 branches of the dungeon, and saw 10 of its levels.
You also visited: Ossuary and Volcano.

You collected 611 gold pieces.

Inventory:

Hand Weapons
 h - a +2 mace of flaming
 n - a +1 mace of flaming
 v - a +3 dagger of flaming (weapon)
 A - a +0 lajatang
 F - a +2 vampiric dagger
 M - a +2 mace of flaming
 Q - a +2 mace of flaming
 U - a +1 mace of flaming
 V - a +1 mace of flaming
Missiles
 g - 177 stones
 P - 4 exploding tomahawks
 W - 6 javelins (quivered)
Armour
 p - a +0 pair of gloves (worn)
 u - a +2 robe of fire resistance
 w - a +2 helmet (worn)
 I - a +2 shield (worn)
 L - a +2 robe of fire resistance
 N - the +6 scale mail of the Centipede (worn) {rPois rC+ MR+}
   (You found it on level 8 of the Dungeon)

   It protects you from cold.
   It protects you from poison.
   It affects your resistance to hostile enchantments.
 O - a +0 robe of fire resistance
 R - a +2 robe of fire resistance
 X - a +1 robe of fire resistance
Jewellery
 m - an uncursed ring of magical power
 x - a ring of poison resistance (left hand)
 H - a +1 ring of slaying (right hand)
 T - an uncursed ring of ice
Wands
 d - a wand of enslavement (9)
 l - a wand of iceblast (2)
 y - a wand of paralysis (14)
 C - a wand of scattershot (4)
 J - a wand of clouds (5)
 S - a wand of digging (5)
Scrolls
 a - 5 scrolls of magic mapping
 b - a scroll of blinking
 i - 6 scrolls of remove curse
 r - 4 scrolls of amnesia
 s - a scroll of random uselessness
 z - a scroll of immolation
 B - 2 scrolls of fear
 E - a scroll of vulnerability {unknown}
 K - 3 scrolls of teleportation
Potions
 c - 3 potions of brilliance
 e - a potion of magic
 j - a potion of mutation
 k - 2 potions of agility
 o - 2 potions of degeneration {unknown}
 q - 6 potions of curing
 t - 2 potions of haste {unknown}
 D - 3 potions of cancellation {unknown}
 G - a potion of invisibility
Comestibles
 f - 13 rations


   Skills:
 + Level 6.2 Fighting
 + Level 7.9 Short Blades
 + Level 11.2 Throwing
 + Level 6.6 Armour
 + Level 3.7 Dodging
 + Level 1.4 Stealth
 + Level 4.8 Shields
 + Level 4.8 Evocations


You had 10 spell levels left.
You didn't know any spells.
Your spell library was empty.

Dungeon Overview and Level Annotations

Branches:
Dungeon (8/15)             Temple (0/1) D:6            Lair (2/6) D:8
 Spider (0/4) Lair:2
  Swamp: Lair:2-4    Shoals: Lair:2-4

Altars:
Ashenzari
Cheibriados
Dithmenos
Elyvilon
Kikubaaqudgha
Okawaru
Sif Muna
Trog
Vehumet
Yredelemnul
Zin

Shops:
D:7 [   D:8 *

Annotations:
Lair:2 3 runed doors, cotteux's ghost, journeyman GrBe


Innate Abilities, Weirdness & Mutations

You have hooves in place of feet.
Armour fits poorly on your strangely shaped body.
You cover ground very quickly.
You have extremely tough skin. (AC +3)
You are partially covered in slimy green scales. (AC +2)
You are robust. (+10% HP)


Message History

You closely miss the wizard. You kick the wizard.
You kill the wizard!
Trog accepts your kill.
Trog appreciates your killing of a magic user.
There is a rocky tunnel leading out of this place here.
Things that are here:
a mace of flaming; a robe of fire resistance
n - a mace of flaming;
u - a robe of fire resistance You feel yourself speed up.
There is an open door here.
Things that are here:
a mace of flaming; a robe of fire resistance
V - a mace of flaming;
X - a robe of fire resistance You start resting.
The air gets thick with the scent of sulphur.
You recover from your berserk rage.
You start resting.
In the distance, the volcano erupts with a roar.
You are engulfed in blazing flames.
You die...

############# #...........#
## #.#########.# ###≈#
#.#)$$!$..#.# ####≈≈≈≈
#.#([[/!$$#.# #§≈≈≈≈≈≈
#.#.$$)[!('.# ≈≈≈≈≈≈
#.################# #####
#...§§§§§§§#§§§§§§. #....
########§§§@§§§§§§§ #....
###§§§#§§§§§§≈ #....
##.##§################'#
##..#§§#......#...#.#....
##≈.§§§###'#'#####'#.'.∩.∩
§≈≈§§§#§..............#....
#§§§§§#####################
≈§§§§§§≈≈≈≈§≈≈≈≈§§§≈≈≈≈≈≈≈≈≈
#§§§§≈§≈≈≈§§≈≈≈≈≈≈§≈§≈≈≈≈≈§§


There were no monsters in sight!

Vanquished Creatures
  Fannar (Lair:1)
  A dancing weapon (Volcano)
  A two-headed ogre (D:8)
  Urug (Lair:1)
  Nergalle (Lair:1)
  4 wizards (Volcano)
  Pikel (D:5)
  An orb spider (Lair:2)
  5 toenail golems (Volcano)
  An elephant (D:8)
  2 spiny frogs (Lair:2)
  A rime drake (Lair:2)
  A polar bear (Lair:1)
  A hippogriff (Lair:2)
  5 yaks
  A basilisk (D:8)
  3 fire bats (Lair:2)
  Grum (Lair:1)
  Menkaure (D:7)
  A hungry ghost (D:8)
  5 water moccasins
  2 orc warriors
  3 ice beasts
  A slave (D:5)
  A black bear (D:6)
  4 ogres
  2 phantoms (D:7)
  A centaur (D:6)
  3 wolves
  3 crocodiles
  3 elf zombies (Ossuary)
  The ghost of colophon the Sneak, an amateur KoEn (D:3)
  2 bullfrogs
  A gnoll sergeant (D:4)
  A scorpion (D:8)
  2 howler monkeys
  3 crimson imps
  4 human zombies (Ossuary)
  3 bullfrog zombies
  A centaur zombie (Ossuary)
  2 jellies
  3 orc priests
  A hound (D:5)
  A centaur skeleton (D:3)
  Ijyb (D:3)
  6 orc wizards
  6 worker ants
  A killer bee zombie (D:6)
  A hound skeleton (D:8)
  2 mummies (Ossuary)
  Robin (D:2)
  3 gnolls (D:4)
  7 adders
  A shadow imp (D:5)
  An ooze (D:1)
  2 adder zombies
  2 adder skeletons
  4 worms
  2 dart slugs (D:1)
  6 leopard geckos
  20 orcs
  10 giant cockroaches
  12 goblins
  13 hobgoblins
  6 jackals
  4 quokkas
  A bat (D:3)
  4 frilled lizards
  A giant cockroach zombie (D:3)
  A goblin zombie (Ossuary)
  11 hobgoblin zombies (Ossuary)
  A jackal zombie (Ossuary)
  10 kobolds
  11 kobold zombies (Ossuary)
  4 orc zombies (Ossuary)
  5 rats
247 creatures vanquished.

Vanquished Creatures (collateral kills)
  An orc (D:3)
1 creature vanquished.

Vanquished Creatures (others)
  A wizard (Volcano)
  2 slaves (D:5)
  4 gnolls
  5 plants (Lair:2)
12 creatures vanquished.

Grand Total: 260 creatures vanquished

Notes
Turn   | Place    | Note
-------+----------+-------------------------------------------
     0 | D:1      | myga the Centaur Artificer began the quest for the Orb.
     0 | D:1      | Reached XP level 1. HP: 16/16 MP: 2/2
   390 | D:1      | Reached skill level 1 in Short Blades
   441 | D:1      | Reached XP level 2. HP: 20/23 MP: 4/4
   576 | D:1      | Reached XP level 3. HP: 25/28 MP: 5/5
  1208 | D:2      | Found a faded altar of an unknown god.
  1525 | D:2      | Noticed Robin
  1567 | D:2      | Killed Robin
  1567 | D:2      | Reached XP level 4. HP: 26/35 MP: 6/6
  1601 | D:2      | Reached skill level 1 in Throwing
  1897 | D:3      | Reached skill level 1 in Armour
  1974 | D:3      | Found a shattered altar of Ashenzari.
  1976 | D:3      | Noticed Ijyb
  2166 | D:3      | Found a runed gate.
  2166 | D:3      | Found a runed gate.
  2166 | D:3      | Found a runed gate.
  2166 | D:3      | Noticed colophon's ghost (amateur KoEn)
  2797 | D:3      | Killed Ijyb
  2797 | D:3      | Reached XP level 5. HP: 32/40 MP: 7/7
  3188 | D:3      | Killed colophon's ghost
  3188 | D:3      | Reached skill level 2 in Throwing
  3268 | D:4      | Reached XP level 6. HP: 47/48 MP: 8/8
  3389 | D:4      | Found an ancient bone altar of Kikubaaqudgha.
  3550 | D:4      | Found a deep blue altar of Sif Muna.
  3679 | D:4      | Reached skill level 3 in Throwing
  3688 | D:4      | Got a steaming robe
  3785 | D:4      | Got a smoking leather armour
  4022 | D:4      | Found a bloodstained altar of Trog.
  4365 | D:4      | Became a worshipper of Trog the Wrathful
  4416 | D:4      | Identified the +2 leather armour of the Past {MR+ Int+3
                  | Stlth+} (You found it on level 4 of the Dungeon)
  4426 | D:4      | Identified the +2 robe "Xutsaest" {Regen+} (You found it on
                  | level 4 of the Dungeon)
  4450 | D:5      | Entered Level 5 of the Dungeon
  4475 | D:5      | Noticed a slave
  4519 | D:5      | Noticed a slave
  4519 | D:5      | Noticed Pikel
  4519 | D:5      | Noticed a slave
  4520 | D:5      | Noticed a slave
  4521 | D:5      | Reached XP level 7. HP: 55/55 MP: 9/9
  4537 | D:5      | Killed Pikel
  4537 | D:5      | Reached skill level 4 in Throwing
  4610 | D:5      | Reached skill level 1 in Stealth
  4619 | D:5      | Reached XP level 8. HP: 36/62 MP: 11/11
  5119 | D:5      | Found a sand-covered staircase.
  5128 | Ossuary  | Entered an ossuary
  5277 | Ossuary  | Reached * piety under Trog
  5557 | Ossuary  | Reached skill level 5 in Throwing
  5719 | Ossuary  | Reached ** piety under Trog
  5970 | D:5      | Reached skill level 6 in Throwing
  6253 | D:5      | Reached skill level 1 in Shields
  6544 | D:5      | Reached XP level 9. HP: 49/71 MP: 12/12
  6885 | D:6      | Found a staircase to the Ecumenical Temple.
  6940 | D:6      | Reached skill level 5 in Short Blades
  6982 | D:6      | Found a basalt altar of Yredelemnul.
  7044 | D:6      | Reached skill level 7 in Throwing
  7364 | D:6      | Found a shadowy altar of Dithmenos.
  7482 | D:6      | Found an iron altar of Okawaru.
  7594 | D:6      | Found a radiant altar of Vehumet.
  7703 | D:7      | Noticed Menkaure
  7709 | D:7      | Killed Menkaure
  8285 | D:7      | Reached *** piety under Trog
  8313 | D:7      | Found Cewebyso's Antique Armour Shop.
  8654 | D:8      | Found a white marble altar of Elyvilon.
  8655 | D:8      | Found a snail-covered altar of Cheibriados.
  8689 | D:8      | Gained mutation: You are partially covered in slimy green
                  | scales. (AC +2) [potion of mutation]
  8689 | D:8      | Gained mutation: You are robust. (+10% HP) [potion of
                  | mutation]
  8699 | D:8      | Got a warped scale mail
  8710 | D:8      | Identified the +6 scale mail of the Centipede {rPois rC+
                  | MR+} (You found it on level 8 of the Dungeon)
  8743 | D:8      | Found Zin's Purification Station.
  8748 | D:8      | Found a glowing silver altar of Zin.
  8857 | D:8      | Reached skill level 8 in Throwing
  8883 | D:8      | Found a staircase to the Lair.
  8883 | D:8      | Noticed an elephant
  8926 | D:8      | Killed an elephant
  8926 | D:8      | Reached XP level 10. HP: 82/86 MP: 13/13
  8998 | D:8      | Received a gift from Trog
  9079 | D:8      | Noticed a two-headed ogre
  9102 | D:8      | Killed a two-headed ogre
  9102 | D:8      | Reached skill level 9 in Throwing
  9102 | D:8      | Reached skill level 5 in Armour
  9199 | Lair:1   | Entered Level 1 of the Lair of Beasts
  9199 | Lair:1   | Noticed Grum
  9736 | Lair:1   | Killed Grum
  9883 | Lair:1   | Noticed Fannar
  9883 | Lair:1   | Noticed Urug
  9893 | Lair:1   | Killed Urug
  9893 | Lair:1   | Reached skill level 5 in Fighting
  9909 | Lair:1   | Killed Fannar
 10096 | Lair:1   | Reached skill level 10 in Throwing
 10131 | Lair:1   | Reached XP level 11. HP: 71/96 MP: 14/14
 10146 | Lair:1   | Noticed Nergalle
 10157 | Lair:1   | Killed Nergalle
 10393 | Lair:1   | You fall through a shaft!
 10870 | Lair:2   | Found a runed gate.
 10872 | Lair:2   | Found a runed gate.
 10872 | Lair:2   | Noticed an 11-headed hydra
 10872 | Lair:2   | Noticed cotteux's ghost (journeyman GrBe)
 10873 | Lair:2   | Found a runed gate.
 10873 | Lair:2   | Noticed a nine-headed hydra
 10961 | Lair:2   | Reached **** piety under Trog
 11023 | Lair:2   | Found a hole to the Spider Nest.
 11023 | Lair:2   | Noticed an orb spider
 11054 | Lair:2   | Killed an orb spider
 11207 | Lair:2   | Found a dark tunnel.
 11223 | Volcano  | Entered a volcano
 11228 | Volcano  | Noticed a wizard
 11243 | Volcano  | Killed a wizard
 11259 | Volcano  | Noticed a wizard
 11268 | Volcano  | Killed a wizard
 11282 | Volcano  | Noticed a wizard
 11298 | Volcano  | Killed a wizard
 11298 | Volcano  | Reached skill level 11 in Throwing
 11544 | Volcano  | Noticed a mace of flaming
 11673 | Volcano  | Killed a mace of flaming
 11682 | Volcano  | Noticed a wizard
 11682 | Volcano  | Noticed a wizard
 11697 | Volcano  | Killed a wizard
 11704 | Volcano  | Killed a wizard
 11723 | Volcano  | Engulfed by a cloud of flame

Skill      XL: |  1  2  3  4  5  6  7  8  9 10 11 |
---------------+----------------------------------+-----
Short Blades   | 1 2 3 4 6 7 |  7.9
Evocations     | 3 4 |  4.8
Throwing       | 1 2 3 4 6 8 10 11 | 11.2
Armour         | 1 2 3 4 5 6 |  6.6
Fighting       | 2 3 4 5 6 |  6.2
Dodging        | 2 3 |  3.7
Stealth        | 1 |  1.4
Shields        | 1 2 3 4 |  4.8

Action                   |  1- 3 |  4- 6 |  7- 9 | 10-12 || total
-------------------------+-------+-------+-------+-------++-------
Melee: Dagger            |   177 |   173 |   412 |   356 ||  1118
       Short sword       |     9 |       |       |       ||     9
       Kick              |    35 |    29 |   111 |   117 ||   292
Throw: Stone             |    58 |    91 |   302 |   131 ||   582
       Throwing net      |       |       |     1 |       ||     1
       Javelin           |       |       |       |     2 ||     2
Invok: Berserk           |       |       |     4 |     7 ||    11
       Trog's Hand       |       |       |       |     1 ||     1
Evoke: Wand              |     6 |    26 |    12 |     9 ||    53
  Use: Scroll            |     6 |     9 |     5 |     3 ||    23
       Potion            |       |       |     1 |     3 ||     4
  Eat: Chunk             |     1 |     8 |     6 |    10 ||    25
       Ration            |       |       |     3 |     1 ||     4
Armor: Leather armour    |    25 |       |       |       ||    25
       Chain mail        |    22 |   118 |   118 |       ||   258
       Scale mail        |     6 |       |    10 |   138 ||   154
       Plate armour      |       |       |    23 |       ||    23
Dodge: Dodged            |    47 |    27 |    29 |    55 ||   158
Block: Shield            |       |       |    91 |   126 ||   217
